 Dungeon Crawl Stone Soup version 0.28.0 (webtiles) character file.

Game seed: 17060740144561312765

6 SnakkuSnakku7 the Sneak (level 1, -6/12 HPs)
             Began as a Tengu Enchanter on Feb 5, 2022.
             Mangled by a kobold (15 damage)
             ... on level 1 of the Dungeon.
             The game lasted 00:00:25 (177 turns).

SnakkuSnakku7 the Sneak (Tengu Enchanter)            Turns: 177, Time: 00:00:25

Health: -6/12      AC:  2    Str:  8    XL:     1   Next: 90%
Magic:  13/13      EV: 12    Int: 15    God:
Gold:   42         SH:  0    Dex: 14    Spells: 4/4 levels left

rFire   . . .      SeeInvis .   a - +1 dagger
rCold   . . .      Faith    .   (no shield)
rNeg    . . .      Spirit   .   b - +0 robe
rPois   .          Reflect  .   (helmet restricted)
rElec   .          Harm     .   (no cloak)
rCorr   .          Rampage  .   (no gloves)
Will    .....                   (boots unavailable)
Stlth   ++........              (no amulet)
HPRegen 0.04/turn               d - ring of magical power
MPRegen 0.13/turn               (no ring)

@: no status effects
A: beak, talons 3
a: no special abilities


You were on level 1 of the Dungeon.
You visited 1 branch of the dungeon, and saw 1 of its levels.

You collected 42 gold pieces.

Inventory:

Hand Weapons
 a - a +1 dagger (weapon)
Armour
 b - a +0 robe (worn)
Magical Staves
 e - a staff of conjuration
Jewellery
 d - a ring of magical power (left hand)
 g - a ring of fire
Scrolls
 f - a scroll of identify {unknown}
Potions
 c - a potion of invisibility


   Skills:
 + Level 1.4 Fighting
 - Level 1.1 Short Blades
 - Level 2.1 Dodging
 - Level 3.0 Stealth
 - Level 2.0 Spellcasting
 - Level 2.1 Hexes


You had 4 spell levels left.
You didn't know any spells.
Your spell library contained the following spells:

 Spells                   Type           Power      Damage    Failure   Level
 Ensorcelled Hibernation  Hex/Ice        8%         N/A       22%         2
 Confusing Touch          Hex            8%         N/A       26%         3
 Tukima's Dance           Hex            8%         N/A       26%         3
 Dazzling Flash           Conj/Hex       8%         N/A       38%         3


Dungeon Overview and Level Annotations

Branches:
Dungeon (1/15)

Altars:


Innate Abilities, Weirdness & Mutations

You have a beak for a mouth.
You have claws for feet.


Message History

Found a stone staircase leading down.
Found a ring mail.
You now have 18 gold pieces (gained 10).
You now have 28 gold pieces (gained 10).
You now have 42 gold pieces (gained 14).
There is a stone staircase leading down here.
A kobold comes into view. It is wielding a +0 short sword.
You see here a +0 dagger.
Things that are here:
a +0 whip; 8 stones The kobold shouts!
You hit the kobold but do no damage. Your kick misses the kobold.
The kobold hits you but does no damage.
You barely miss the kobold. You closely miss the kobold.
The kobold closely misses you.
You hit the kobold but do no damage. You peck the kobold.
The kobold is severely wounded.
The kobold hits you with a +0 short sword.
You hit the kobold but do no damage. You claw the kobold.
You kill the kobold!
Things that are here:
a +0 short sword; a kobold corpse
Found a stone staircase leading down.
There is a stone staircase leading down here. 2 kobolds come into view.
A kobold is wielding a +2 short sword of electrocution.
Found 8 gold pieces.
There are monsters nearby!
The kobold shouts!
The kobold throws a stone.
The stone closely misses you.
Found a book of Minor Magic.
The kobold throws a stone.
The stone barely misses you.
The kobold throws a stone.
The stone hits you but does no damage.
The kobold shouts!
The kobold throws a stone.
The stone misses you. The kobold closely misses you.
You hit the kobold but do no damage. Your kick misses the kobold.
The kobold hits you with a +2 short sword of electrocution.
You are electrocuted!
Ouch! That really hurt!
You die...

# ..: #>...# #.
.. #...##
#.##.### ##.#.#
#......# #..#.#
##......# #.##.#
........# #.##.#
#.....#####.##.#
#...........##.#
#.K.@.#######
#..K..# #.....#
#.....# #.....#
#######


You could see 2 kobolds.

Vanquished Creatures
  A bat (D:1)
  2 endoplasms (D:1)
  A frilled lizard (D:1)
  A kobold (D:1)
  A rat (D:1)
6 creatures vanquished.

Notes
Turn   | Place    | Note
-------+----------+-------------------------------------------
     0 | D:1      | SnakkuSnakku7 the Tengu Enchanter began the quest for the
                  | Orb.
     0 | D:1      | Reached XP level 1. HP: 10/10 MP: 4/4
    61 | D:1      | Reached skill level 1 in Fighting
   177 | D:1      | Mangled by a kobold

Illustrated notes

Levels and vault maps discovered:
D:1:      heliophobic_arrival_battle_scene, layout_rooms

Skill      XL: |  1 |
---------------+----+-----
Fighting       | 1 |  1.4
Short Blades   | |  1.1
Dodging        | |  2.1
Stealth        | |  3.0
Spellcasting   | |  2.0
Hexes          | |  2.1

Action                   || total
-------------------------++-------
Melee: Dagger            ||    13
       Kick              ||     3
       Peck              ||     1
 Stab: Sleeping          ||     2
Armor: Robe              ||     3
Dodge: Dodged            ||     7
